Map: Torri del crepuscolo

Players

MaxPauer - Winner!

  • Race: Protoss Protoss
  • League: Diamond

Jhyrachy

  • Race: Zerg Zerg
  • League: Gold

VOD

Have the link to the VOD?

Description

Time

  • Played on: April 21, 2016, 5:24 p.m.
  • Length: 12:57
Show
View Real Time Build Order
Export as new Build Order

MaxPauer Protoss - Winner!

Build Orders: Nexus First 

Get SALT Encoding   

  12  0:01  Probe (Chrono Boost)  
  13  0:11  Probe (Chrono Boost)  
  14  0:21  Pylon  
  14  0:22  Probe (Chrono Boost)  
  15  0:39  Probe (Chrono Boost)  
  16  0:50  Probe (Chrono Boost)  
  17  1:04  Nexus  
  17  1:15  Probe (Chrono Boost), Gateway  
  18  1:25  Probe (Chrono Boost)  
  19  1:34  Assimilator  
  19  1:36  Probe (Chrono Boost)  
  20  1:44  Pylon  
  20  1:46  Probe (Chrono Boost)  
  21  1:48  Gateway  
  21  1:56  Assimilator  
  21  1:57  Probe (Chrono Boost)  
  22  2:06  Cybernetics Core  
  22  2:11  Probe (Chrono Boost)  
  23  2:18  Probe (Chrono Boost)  
  23  2:22  Probe (Chrono Boost)  
  25  2:37  Probe x2 (Chrono Boost)  
  25  2:43  Adept x2 (Chrono Boost)  
  31  2:45  Warp Gate  
  31  2:57  Probe x2 (Chrono Boost)  
  33  3:10  Adept x2 (Chrono Boost)  
  37  3:14  Robotics Facility  
  37  3:16  Pylon  
  37  3:18  Probe x2  
  39  3:33  Adept (Chrono Boost)  
  39  3:34  Adept (Chrono Boost)  
  43  3:41  Gateway x2  
  43  3:46  Probe x2  
  45  3:55  Pylon  
  45  4:08  Adept x2 (Chrono Boost)  
  45  4:09  Probe  
  51  4:10  Probe  
  51  4:19  Immortal  
  51  4:23  Twilight Council  
  55  4:57  Probe x2  
  53  5:18  Probe x2  
  55  5:22  Resonating Glaives  
  55  5:26  Immortal  
  51  5:30  Adept x2  
  51  5:31  Adept x2  
  51  5:32  Probe x2  
  51  5:35  Assimilator  
  61  5:37  Pylon  
  61  5:39  Pylon  
  61  5:40  Assimilator  
  61  5:42  Pylon  
  61  6:00  Pylon  
  61  6:01  Adept x4  
  61  6:02  Assimilator  
  69  6:10  Nexus  
  69  6:14  Probe x2  
  71  6:22  Immortal  
  75  6:26  Probe  
  75  6:27  Adept  
  75  6:28  Adept x3  
  84  6:34  Gateway  
  84  6:36  Gateway  
  84  6:37  Pylon  
  84  6:39  Pylon  
  84  6:51  Adept x4  
  92  6:58  Gateway x2  
  92  7:01  Gateway  
  92  7:03  Pylon  
  92  7:10  Forge  
  92  7:14  Forge  
  92  7:17  Warp Prism (Chrono Boost)  
  94  7:33  Probe  
  94  7:34  Probe x2  
  97  7:45  Adept x2  
  97  7:46  Adept x4  
  109  8:10  Stalker x4  
  109  8:11  Stalker x2  
  115  8:31  Stalker  
  109  8:47  Mothership Core  
  109  8:48  Stalker x5  
  99  9:15  Stalker x3  
  99  9:16  Stalker x3  
  109  9:40  Stalker x4  
  109  9:44  Pylon x2  
  107  9:55  Protoss Ground Weapons Level 1  
  107  10:13  Stalker x6  
  107  10:14  Stalker x2  
  123  10:23  Warp Prism (Chrono Boost)  
  125  10:49  Pylon  
  122  10:51  Pylon  
  122  10:53  Pylon  
  122  10:54  Pylon  
  110  12:07  Nexus  
  104  12:30  Nexus  
  92  12:37  Pylon  
Show
View Real Time Build Order
Export as new Build Order

Jhyrachy Zerg 

Build Orders: Hatch First 

Get SALT Encoding   

  12  0:01  Drone  
  13  0:13  Drone  
  14  0:18  Overlord  
  14  0:37  Drone x2  
  14  0:38  Drone  
  17  0:57  Drone  
  18  0:58  Hatchery  
  18  1:01  Drone  
  18  1:05  Extractor  
  17  1:17  Spawning Pool  
  16  1:20  Drone  
  16  1:25  Drone  
  18  1:32  Drone  
  19  1:43  Overlord  
  19  1:59  Drone  
  20  2:07  Drone  
  20  2:08  Queen  
  21  2:09  Metabolic Boost  
  23  2:17  Drone x2  
  23  2:22  Zergling x2  
  26  2:24  Queen  
  26  2:29  Drone  
  29  2:51  Hatchery  
  29  2:56  Drone x2  
  29  2:57  Drone x3  
  33  3:06  Drone  
  34  3:19  Drone  
  36  3:20  Drone  
  36  3:22  Lair  
  36  3:25  Extractor  
  36  3:26  Extractor  
  36  3:27  Drone x2  
  36  3:29  Overlord  
  36  3:49  Extractor  
  35  3:59  Drone x4  
  35  4:00  Drone x3  
  42  4:11  Queen  
  44  4:37  Spire  
  43  4:40  Zergling x14  
  41  5:09  Queen  
  40  5:17  Queen  
  40  5:18  Queen  
  41  5:36  Overseer  
  41  5:42  Drone x3  
  44  5:43  Drone x5  
  44  5:44  Overlord x2  
  49  5:53  Pneumatized Carapace  
  44  6:21  Spire  
  43  6:48  Drone x4  
  43  6:49  Drone x2  
  49  7:04  Drone x2  
  49  7:05  Drone x4  
  49  7:06  Overlord  
  49  7:07  Overlord x3  
  55  7:18  Evolution Chamber  
  54  7:29  Spine Crawler  
  53  7:32  Spine Crawler  
  53  7:35  Mutalisk, Spine Crawler  
  53  7:36  Mutalisk x14, Spine Crawler  
  76  7:38  Spine Crawler  
  76  7:40  Spine Crawler  
  78  7:49  Spine Crawler  
  75  8:19  Mutalisk  
  75  8:20  Mutalisk x4  
  81  9:09  Mutalisk  
  83  9:10  Mutalisk x3  
  89  9:53  Queen  
  91  10:03  Zergling x2  
  91  10:04  Zergling x12  
  91  10:05  Hatchery  
  97  10:24  Zergling x2  
  97  10:25  Overlord  
  97  10:26  Overlord x2  
  98  10:43  Queen  
  98  10:48  Zergling x2  
  98  10:49  Zergling x20  
  113  10:56  Zergling x2  
  114  11:04  Zergling x6  
Tags
 
Add a new tag
Caveats
  • Supply blocks, unpowered buildings, or Contaminate may cause inaccurate times.
  • Supply counts are checked every 10 seconds.